 Dungeon Crawl Stone Soup version 0.31-a0-152-g6aa68a64a1 (webtiles) character file.

Game seed: 8407877754745317586

58 qw the Shooter (level 4, 0/39 HPs)
             Began as a Naga Hunter on June 10, 2023.
             Frozen to death by an endoplasm (2 damage)
             ... on level 3 of the Dungeon.
             The game lasted 00:00:31 (1210 turns).

qw the Shooter (Naga Hunter)                        Turns: 1210, Time: 00:00:31

Health: 0/39       AC:  6    Str: 13    XL:     4   Next: 2%
Magic:  4/4        EV:  9    Int: 10    God:
Gold:   103        SH:  0    Dex: 16    Spells: 3/3 levels left

rFire   . . .        Y - +1 shortbow
rCold   . . .        (shield currently unavailable)
rNeg    . . .        c - +0 leather armour
rPois   +            (no helmet)
rElec   .            (no cloak)
rCorr   .            (no gloves)
SInv    +            (no barding)
Will    .....        (no amulet)
Stlth   ++           e - +4 ring of protection
HPRegen 0.26/turn    (no ring)
MPRegen 0.09/turn

%: no passive effects
@: short of breath, very slow
A: AC +1, large, see invisible, deformed body, poison resistance, slowness 2,
spit poison 1, naga tail 1
a: Spit Poison


You were on level 3 of the Dungeon.
You visited 1 branch of the dungeon, and saw 3 of its levels.

You collected 103 gold pieces.


Innate Abilities, Weirdness & Mutations

Your serpentine skin is tough. (AC +1)
You have supernaturally acute eyesight. (SInv)
Armour fits poorly on your strangely shaped body.
Your system is resistant to poisons. (rPois)
You cover ground very slowly.
You can spit poison.
You have a snake-like lower body.


   Skills:
 + Level 2.0 Fighting
 - Level 5.0 Ranged Weapons
 - Level 1.5 Dodging
 - Level 1.5 Stealth


You had 3 spell levels left.
You didn't know any spells.
Your spell library was empty.

Inventory:

Hand Weapons
 Y - a +1 shortbow (weapon)
Armour
 c - a +0 leather armour (worn)
Jewellery
 e - a +4 ring of protection (left hand)
Potions
 d - a potion of invisibility {unknown}
 f - a potion of degeneration {unknown}
 i - a potion of magic {unknown}

Dungeon Overview and Level Annotations

Branches:
Dungeon (3/15)

Altars:


Message History

You are frozen.
1204 ||| INVOKING Spit Poison.
Aiming: Spit Poison (1% risk of failure)
Press: ? - help, Shift-Dir - straight line, f/p - adder You fail to use your ability.
The adder closely misses you. The endoplasm freezes you.
You are frozen.
1205 ||| INVOKING Spit Poison.
Aiming: Spit Poison (1% risk of failure)
Press: ? - help, Shift-Dir - straight line, f/p - adder The splash of poison misses the adder.
The adder bites you. The adder barely misses you.
The endoplasm barely misses you.
You shoot an arrow. The arrow hits the adder.
The adder is severely wounded.
The adder bites you but does no damage. The endoplasm freezes you.
You are frozen.
You shoot an arrow. The arrow hits the adder.
The adder is almost dead.
The adder bites you. The endoplasm freezes you.
You are frozen.
The adder bites you but does no damage.
You shoot an arrow. The arrow completely misses the adder.
The adder barely misses you.
The endoplasm jiggles.
The endoplasm hits you but does no damage.
You shoot an arrow. The arrow closely misses the adder.
You have got your breath back.
The adder bites you but does no damage. The endoplasm freezes you.
You are frozen.
The adder bites you but does no damage.
1210 ||| INVOKING Spit Poison.
Aiming: Spit Poison (1% risk of failure)
Press: ? - help, Shift-Dir - straight line, f/p - adder The splash of poison misses the adder.
The endoplasm freezes you.
You are frozen.
You die...

# #.#.###
#.....##########
###.# #.##........
...# #...JS....#
#.###.##@#
#######.....##.####.#
........#...........#
#..<.......<..###
#######.##.##.#
#.##.# .# #.##.# #
#.##.# #.##[#


You could see an adder and an endoplasm.

Vanquished Creatures
  An adder (D:2)
  7 bats
  5 endoplasms
  A giant cockroach (D:2)
  4 goblins (D:1)
  4 hobgoblins
  7 jackals
  A quokka (D:2)
  5 ball pythons
  2 frilled lizards (D:2)
  3 kobolds
  3 rats
43 creatures vanquished.

Notes
Turn   | Place    | Note
-------+----------+-------------------------------------------
     0 | D:1      | qw the Naga Hunter began the quest for the Orb.
     0 | D:1      | Reached XP level 1. HP: 19/19 MP: 1/1
     0 | D:1      | 0 ||| qw: Version: 0.2-a-29-g767f381
     0 | D:1      | 0 ||| qw: Game counter: 3920
     0 | D:1      | 0 ||| qw: Always use a shield: true
     0 | D:1      | 0 ||| qw: God list: Okawaru
     0 | D:1      | 0 ||| qw: Allow faded altars: false
     0 | D:1      | 0 ||| qw: Do Orc after D:15 true
     0 | D:1      | 0 ||| qw: Do second Lair branch before Depths: true
     0 | D:1      | 0 ||| qw: Lair rune preference: random
     0 | D:1      | 0 ||| qw: Plans: Normal
     0 | D:1      | 0 ||| PLANNING D:1-11
    24 | D:1      | 24 ||| INVOKING Spit Poison.
    72 | D:1      | 72 ||| INVOKING Spit Poison.
    85 | D:1      | Reached skill level 4 in Ranged Weapons
    85 | D:1      | Reached XP level 2. HP: 26/26 MP: 2/2
    87 | D:1      | 87 ||| INVOKING Spit Poison.
    98 | D:1      | 98 ||| INVOKING Spit Poison.
   102 | D:1      | 102 ||| INVOKING Spit Poison.
   117 | D:1      | 117 ||| INVOKING Spit Poison.
   123 | D:1      | 123 ||| INVOKING Spit Poison.
   128 | D:1      | HP: 6/26 [jackal (1)]
   129 | D:1      | 129 ||| INVOKING Spit Poison.
   129 | D:1      | HP: 2/26 [jackal (2)]
   293 | D:1      | 293 ||| INVOKING Spit Poison.
   343 | D:1      | 343 ||| INVOKING Spit Poison.
   375 | D:1      | 375 ||| INVOKING Spit Poison.
   376 | D:1      | Reached XP level 3. HP: 32/32 MP: 3/3
   564 | D:1      | Found a faded altar of an unknown god.
   682 | D:1      | 682 ||| READING scroll labelled SEKKIAS ZILE.
   683 | D:1      | 683 ||| READING scroll labelled CUPSIO JERAOSCH.
   684 | D:1      | 684 ||| READING scroll labelled FOPTAOQ WEXEB.
   685 | D:1      | 685 ||| READING scroll labelled FETHRI MYHEOM.
   686 | D:1      | 686 ||| READING scroll labelled FAFOAZ SENI.
   687 | D:1      | 687 ||| DROPPING scroll of butterflies.
   709 | D:2      | 709 ||| INVOKING Spit Poison.
   720 | D:2      | 720 ||| INVOKING Spit Poison.
   727 | D:2      | 727 ||| INVOKING Spit Poison.
   741 | D:2      | 741 ||| INVOKING Spit Poison.
   787 | D:2      | 787 ||| INVOKING Spit Poison.
   803 | D:2      | 803 ||| INVOKING Spit Poison.
   822 | D:2      | 822 ||| INVOKING Spit Poison.
   826 | D:2      | 826 ||| INVOKING Spit Poison.
   837 | D:2      | 837 ||| INVOKING Spit Poison.
   841 | D:2      | 841 ||| INVOKING Spit Poison.
   922 | D:2      | 922 ||| INVOKING Spit Poison.
   958 | D:2      | 958 ||| INVOKING Spit Poison.
   962 | D:2      | 962 ||| INVOKING Spit Poison.
   965 | D:2      | Reached skill level 5 in Ranged Weapons
   965 | D:2      | Reached XP level 4. HP: 39/39 MP: 4/4
  1162 | D:2      | 1162 ||| UPGRADING to +4 ring of protection.
  1163 | D:2      | 1163 ||| READING scroll labelled VOMIDW SIUDACK.
  1164 | D:2      | 1164 ||| READING 2 scrolls labelled ZOHOJU WOWKUI.
  1165 | D:2      | 1165 ||| DRINKING 2 fizzy ruby potions.
  1166 | D:2      | 1166 ||| DROPPING potion of enlightenment.
  1167 | D:2      | 1167 ||| DROPPING scroll of immolation.
  1184 | D:3      | 1184 ||| PLANNING SEWER
  1194 | D:3      | 1194 ||| INVOKING Spit Poison.
  1198 | D:3      | 1198 ||| INVOKING Spit Poison.
  1201 | D:3      | 1201 ||| INVOKING Spit Poison.
  1204 | D:3      | 1204 ||| INVOKING Spit Poison.
  1205 | D:3      | 1205 ||| INVOKING Spit Poison.
  1207 | D:3      | HP: 8/39 [adder (3)]
  1209 | D:3      | HP: 2/39 [frozen (4)]
  1210 | D:3      | 1210 ||| INVOKING Spit Poison.
  1210 | D:3      | Frozen to death by an endoplasm

Levels and vault maps discovered:
D:1:      dpeg_arrival_pond, layout_basic, ebering_ecumenical_altar_mist,
          chequers_decorated_corner
D:2:      layout_basic, minmay_pentomino_p2
D:3:      layout_loops_ring, portal_sewer_entry_d, uniq_ijyb, uniq_grinder

Skill      XL: |  1  2  3 |
---------------+----------+-----
Ranged Weapons | 4 5 |  5.0
Fighting       | |  2.0
Dodging        | |  1.5
Stealth        | |  1.5

Action                     |  1- 3 |  4- 6 || total
---------------------------+-------+-------++-------
   Fire: Shortbow          |    62 |    12 ||    74
Ability: Spit Poison       |    24 |     5 ||    29
    Use: Scroll            |     5 |     2 ||     7
         Potion            |       |     1 ||     1
 Armour: Leather armour    |     8 |    12 ||    20
  Dodge: Dodged            |    15 |     8 ||    23

Table legend:
 A = Non-vault XP
 B = Vault XP
 C = Vault XP percentage of total XP
 D = Non-vault monster count
 E = Vault monster count
 F = Vault count percentage of total count
                 A         B        C        D         E       F
            +---------+---------+-------+---------+---------+-------
      Total |      81 |       3 |   3.6 |      41 |       2 |   4.7
            +---------+---------+-------+---------+---------+-------
        D:1 |      34 |       0 |   0.0 |      21 |       0 |   0.0
        D:2 |      47 |       3 |   6.0 |      20 |       2 |   9.1
            +---------+---------+-------+---------+---------+-------
